 Dungeon Crawl Stone Soup version 0.28-a0-691-gad6df49e81 (webtiles) character file.

Game seed: 505013793797952874

603594 lawman0 the Heavyweight Champion (level 26, -7/265 HPs)
             Began as a Troll Fighter on Oct 21, 2021.
             Was a High Priest of Fedhas.
             Killed from afar by an ancient lich (23 damage)
             ... with a bolt of acid
             ... on level 5 of the Realm of Zot on Oct 22, 2021.
             The game lasted 03:08:10 (61033 turns).

lawman0 the Heavyweight Champion (Troll Fighter)   Turns: 61033, Time: 03:08:10

Health: -7/265     AC: 17    Str: 37 (38) XL:     26   Next: 56%
Magic:  34/34      EV:  5    Int:  4      God:    Fedhas [*****.]
Gold:   1969       SH:  0    Dex: 18      Spells: 24/25 levels left

rFire   + + .      SeeInvis .     - Unarmed
rCold   + . .      Faith    .   q - +0 tower shield
rNeg    . . .      Spirit   .   S - +8 fire dragon scales
rPois   +          Reflect  +   (helmet restricted)
rElec   +          Harm     .   X - +1 cloak of Taakeyk {rElec Regen+ rCorr Str+4}
rCorr   +          Rampage  .   (gloves unavailable)
Will    +++..                   (boots unavailable)
Stlth   +.........              h - amulet of reflection
HPRegen 2.54/turn               Y - ring of Fibatacw {rPois rC++ Will+ rCorr Int-4}
MPRegen 0.24/turn               Z - ring of Visteiru {Will+ Dex+6 Slay+2}

@: about to teleport, marked, corroded, held, hasted, constricted, studying 2
skills, very quick
A: large, unfitting armour, claws 3, regeneration 1, shaggy fur 1, tough skin 1,
agile 1, deterioration 1, MP-powered wands
}: 3/15 runes: serpentine, barnacled, slimy
a: Renounce Religion, Wall of Briars, Grow Ballistomycete, Overgrow, Grow Oklob


You were on level 5 of the Realm of Zot.
You worshipped Fedhas.
Fedhas was extremely pleased with you.
You visited 12 branches of the dungeon, and saw 56 of its levels.
You also visited: Sewer, Bailey and Wizlab.

You collected 7899 gold pieces.
You spent 5930 gold pieces at shops.

Inventory:

Missiles
 c - 4 datura-tipped darts
 e - 24 javelins
 o - 11 curare-tipped darts
 u - 15 atropa-tipped darts
 y - 13 silver javelins
 z - 5 boomerangs of dispersal
 D - 7 throwing nets
 T - 41 large rocks (quivered)
Armour
 q - a +0 tower shield (worn)
 S - +8 fire dragon scales (worn)
 X - the +1 cloak of Taakeyk (worn) {rElec Regen+ rCorr Str+4}
   (You acquired it on level 8 of the Dungeon)

   Str:       It affects your strength (+4).
   rElec:     It insulates you from electricity.
   Regen:     It increases your rate of health regeneration.
   rCorr:     It protects you from acid and corrosion.
Jewellery
 h - an amulet of reflection (around neck)
 s - the ring of Leaves {Fly rCorr Dex+3 Stlth+}
   (You found it in a wizard's laboratory)

   [ring of flight]

   Dex:       It affects your dexterity (+3).
   Fly:       It grants you flight.
   rCorr:     It protects you from acid and corrosion.
   Stlth:     It makes you more stealthy.
 B - a ring of see invisible
 Y - the ring of Fibatacw (left claw) {rPois rC++ Will+ rCorr Int-4}
   (You found it on level 3 of the Lair of Beasts)

   [ring of willpower]

   Int:       It affects your intelligence (-4).
   rC:        It greatly protects you from cold.
   rPois:     It protects you from poison.
   rCorr:     It protects you from acid and corrosion.
   Will:      It increases your willpower.
 Z - the ring of Visteiru (right claw) {Will+ Dex+6 Slay+2}
   (You bought it in a shop on level 2 of the Dungeon)

   [ring of dexterity]

   Dex:       It affects your dexterity (+6).
   Slay:      It affects your accuracy & damage with ranged weapons and melee
   (+2).
   Will:      It increases your willpower.
Wands
 a - a wand of digging (4)
 g - a wand of polymorph (6)
 A - a wand of mindburst (18)
 E - a wand of acid (14)
 G - a wand of charming (10)
 J - a wand of iceblast (74)
 K - a wand of flame (139)
 Q - a wand of paralysis (17)
Scrolls
 b - 17 scrolls of identify
 r - 2 scrolls of summoning
 x - 5 scrolls of teleportation
 C - 4 scrolls of fear
 L - 2 scrolls of holy word
 N - 5 scrolls of vulnerability
 O - 2 scrolls of silence
 V - 2 scrolls of fog
Potions
 d - 4 potions of heal wounds
 l - 5 potions of ambrosia
 n - a potion of invisibility
 p - 4 potions of haste
 v - 19 potions of curing
 w - 5 potions of magic
 F - 5 potions of might
 H - a potion of cancellation
 M - 8 potions of lignification
 R - 3 potions of resistance
 U - 3 potions of mutation
Miscellaneous
 f - a tin of tremorstones (2/2)
 i - a box of beasts
 k - a box of beasts
 t - a condenser vane
 P - a phial of floods
 W - a lightning rod (4/4)


   Skills:
 * Level 15.9 Fighting
 * Level 13.3 Throwing
 * Level 12.5 Armour
 * Level 13.6 Dodging
 - Level 3.3 Stealth
 + Level 18.7 Shields
 O Level 27 Unarmed Combat
 + Level 0.1 Translocations
 * Level 16.6 Invocations
 + Level 10.3 Evocations


You had 24 spell levels left.
You knew the following spells:

 Your Spells              Type           Power      Damage    Failure   Level
a - Apportation           Tloc           0%         N/A       67%         1

Your spell library contained the following spells:

 Spells                   Type           Power      Damage    Failure   Level
 Animate Skeleton         Necr           0%         N/A       69%         1
 Beastly Appendage        Tmut           0%         N/A       69%         1
 Freeze                   Ice            0%         1d3       69%         1
 Magic Dart               Conj           0%         1d3       69%         1
 Pain                     Necr           0%         1d4       69%         1
 Shock                    Conj/Air       0%         1d3       69%         1
 Summon Small Mammal      Summ           0%         N/A       69%         1
 Call Imp                 Summ           0%         N/A       83%         2
 Corpse Rot               Necr/Air       0%         N/A       83%         2
 Ensorcelled Hibernation  Hex/Ice        0%         N/A       83%         2
 Passwall                 Tmut/Erth      0%         N/A       83%         2
 Poisonous Vapours        Pois/Air       0%         N/A       83%         2
 Slow                     Hex            0%         N/A       83%         2
 Static Discharge         Conj/Air       0%         N/A       83%         2
 Sublimation of Blood     Necr           0%         N/A       83%         2
 Wereblood                Tmut           0%         N/A       83%         2
 Confusing Touch          Hex            0%         N/A       96%         3
 Conjure Flame            Conj/Fire      0%         6-21      96%         3
 Frozen Ramparts          Ice            0%         1d2       96%         3
 Ignite Poison            Fire/Tmut/Pois 0%         N/A       96%         3
 Inner Flame              Hex/Fire       0%         N/A       96%         3
 Mephitic Cloud           Conj/Pois/Air  0%         N/A       96%         3
 Portal Projectile        Hex/Tloc       0%         N/A       96%         3
 Spider Form              Tmut/Pois      0%         N/A       96%         3
 Summon Guardian Golem    Hex/Summ       0%         N/A       96%         3
 Swiftness                Air            0%         N/A       96%         3
 Tukima's Dance           Hex            0%         N/A       96%         3
 Vampiric Draining        Necr           0%         2d6       96%         3
 Airstrike                Air            0%         N/A       100%        4
 Animate Armour           Summ/Erth      0%         N/A       100%        4
 Animate Dead             Necr           0%         N/A       100%        4
 Cause Fear               Hex            0%         N/A       100%        4
 Dispel Undead            Necr           0%         3d6       100%        4
 Hailstorm                Conj/Ice       0%         3d3       100%        4
 Leda's Liquefaction      Hex/Erth       0%         N/A       100%        4
 Olgreb's Toxic Radiance  Pois           0%         N/A       100%        4
 Passage of Golubria      Tloc           0%         N/A       100%        4
 Sticky Flame             Conj/Fire      0%         2d3       100%        4
 Summon Ice Beast         Ice/Summ       0%         N/A       100%        4
 Summon Lightning Spire   Summ/Air       0%         N/A       100%        4
 Alistair's Intoxication  Tmut/Pois      0%         N/A       100%        5
 Borgnjor's Vile Clutch   Necr/Erth      0%         N/A       100%        5
 Fireball                 Conj/Fire      0%         3d3       100%        5
 Freezing Cloud           Conj/Ice/Air   0%         6-21      100%        5
 Irradiate                Conj/Tmut      0%         3d13      100%        5
 Lee's Rapid Deconstruct  Erth           0%         3d5*      100%        5
 Lightning Bolt           Conj/Air       0%         1d11      100%        5
 Summon Mana Viper        Hex/Summ       0%         N/A       100%        5
 Yara's Violent Unravell  Hex/Tmut       0%         3d3       100%        5
 Death Channel            Necr           0%         N/A       100%        6
 Invisibility             Hex            0%         N/A       100%        6
 Iron Shot                Conj/Erth      0%         9d1       100%        6
 Starburst                Conj/Fire      0%         6d3       100%        6
 Statue Form              Tmut/Erth      0%         N/A       100%        6
 Summon Cactus Giant      Summ           0%         N/A       100%        6
 Dragon Form              Tmut           0%         N/A       100%        7
 Haunt                    Necr/Summ      0%         N/A       100%        7
 Malign Gateway           Summ/Tloc      0%         N/A       100%        7
 Monstrous Menagerie      Summ           0%         N/A       100%        7
 Orb of Destruction       Conj           0%         N/A       100%        7
 Ozocubu's Refrigeration  Ice            0%         4d5       100%        7
 Spellforged Servitor     Conj/Summ      0%         N/A       100%        7
 Storm Form               Tmut/Air       0%         N/A       100%        7
 Summon Hydra             Summ           0%         N/A       100%        7
 Borgnjor's Revivificati  Necr           0%         N/A       100%        8
 Discord                  Hex            0%         N/A       100%        8
 Disjunction              Tloc           0%         N/A       100%        8
 Ignition                 Fire           0%         3d3       100%        8
 Infestation              Necr           0%         N/A       100%        8
 Necromutation            Tmut/Necr      0%         N/A       100%        8
 Death's Door             Necr           0%         N/A       100%        9
 Dragon's Call            Summ           0%         N/A       100%        9
 Fire Storm               Conj/Fire      0%         5d1       100%        9


Dungeon Overview and Level Annotations

Branches:
Dungeon (15/15)            Temple (1/1) D:6            Lair (6/6) D:9
 Shoals (4/4) Lair:2        Snake (4/4) Lair:4        Slime (5/5) Lair:6
    Orc (2/2) D:10            Elf (3/3) Orc:2        Vaults (4/5) D:14
  Crypt (3/3) Vaults:2       Tomb (0/3) Crypt:3      Depths (4/4) D:15
    Zot (5/5) Depths:4      Sewer (visited)          Bailey (visited)
 WizLab (visited)

Altars:
Ashenzari
Cheibriados
Dithmenos
Elyvilon
Fedhas
Gozag
Hepliaklqana
Kikubaaqudgha
Makhleb
Nemelex Xobeh
Okawaru
Qazlal
Ru
Sif Muna
Trog
Uskayaw
Vehumet
Wu Jian
Xom
Yredelemnul
Zin
The Shining One
Beogh
Jiyva
Lugonu

Shops:
D:2 =   D:11 :   D:12 *   Orc:2 (!*?   Elf:2 [*   Elf:3 :*   Shoals:1 :
Snake:2 :=:   Depths:3 =

Portals:
Hell: Depths:1 Depths:2 Depths:3 Depths:4
Abyss: Depths:1 Depths:2 Depths:3
Pandemonium: Depths:1 Depths:2
Ziggurat: Depths:4

Annotations:
D:8 2 transporters
D:9 3 runed translucent doors, bjtr's ghost, novice DgCj
Elf:2 3 runed translucent doors, exclusion: 3 doors
Elf:3 exclusion: 3 doors
Crypt:3 exclusion: 3 doors
Zot:5 1 exclusion


Innate Abilities, Weirdness & Mutations

You are too large for most types of armour.
You have claws for hands.
Your natural rate of healing is unusually fast.
You are covered in fur. (AC +1)
You have tough skin. (AC +1)
You are agile. (Dex +2)
Your body sometimes deteriorates upon taking damage.
You expend magic power (3 MP) to strengthen your wands.


Message History

Unknown command.
You shred the net and break free!
An orb of fire comes into view.
The tentacled monstrosity tentacle-slaps you!
The tentacled monstrosity tentacle-slaps you. x2
The tentacled monstrosity constricts you.
The electric golem hurls lightning at you.
The bolt of lightning hits you. You resist.
You block the Orb Guardian's attack.
You hear some strange, mumbled words.
A crystal spear appears from out of thin air!
The crystal spear hits you.
As you read the scroll of teleportation, it crumbles to dust.
You feel strangely unstable.
You feel the Orb delaying your translocation!
The electric golem hurls lightning at you.
The bolt of lightning hits you! You resist.
You hear some strange, mumbled words.
A crystal spear appears from out of thin air!
The crystal spear hits you!!!!
* * * LOW HITPOINT WARNING * * *
Unknown command.
Unknown command.
Enter note: goddamn You feel much better.
The tentacled monstrosity tentacle-slaps you!
* * * LOW HITPOINT WARNING * * *
The tentacled monstrosity closely misses you.
You block the tentacled monstrosity's attack.
The tentacled monstrosity constricts you.
* * * LOW HITPOINT WARNING * * *
The orb of fire drops a net on you.
You become entangled in the net!
The electric golem hurls lightning at you.
The bolt of lightning hits you! You resist.
* * * LOW HITPOINT WARNING * * *
You hear some strange, mumbled words.
A bolt of acid appears from out of thin air!
The bolt of acid hits you!! You resist.
You die...
Fedhas appreciates your contribution to the ecosystem.

▓▓▓▓▓▓▓▓▓# ▓▓▓
.........### ##...
.....##.*..## #....
...
###.X.###########...#
. ##XX....y........#
##XL{..........#
#.@....9......#
##....^......##
#...........#
##.§.........##
#.............#
#.............#
#...............# ##
#####
########.######## ▓
.# ##...# #.##..#..#
##


You could see an orb of fire, an electric golem, a tentacled monstrosity, a
dread lich (fast), 3 Orb Guardians and a moth of wrath.

Vanquished Creatures
  the Royal Jelly (Slime:5)
  An orb of fire (Zot:4)
  Boris (Vaults:4)
  Margery (Vaults:4)
  Vashnia (Snake:4)
  A curse toe (Crypt:3)
  7 caustic shrikes
  Xtahua (Vaults:2)
  Nikola (Depths:1)
  9 golden dragons
  An electric golem (Zot:1)
  Jorgrun (Snake:1)
  A Cloud Mage (WizLab)
  Rupert (Lair:6)
  9 tentacled monstrosities
  5 liches
  7 Orb Guardians (Zot:5)
  2 deep elf blademasters (Elf:3)
  A walking frostbound tome (Depths:1)
  A kraken (Shoals:3)
  A quicksilver dragon (Zot:1)
  2 deep elf master archers (Elf:3)
  Frances (Shoals:2)
  25 acid blobs
  9 death cobs
  9 ancient champions
  Polyphemus (Shoals:4)
  2 sphinxes
  10 storm dragons
  Agnes (D:14)
  Ilsuiw (Shoals:1)
  Donald (Shoals:1)
  3 nagarajas
  Kirke (Shoals:4)
  6 shadow dragons
  2 tengu reavers (Depths:2)
  2 draconian monks
  9 fire giants
  9 azure jellies
  7 rockslimes
  3 revenants
  11 frost giants
  4 draconian knights
  3 deep elf sorcerers
  11 draconian scorchers
  A balrug (Depths:1)
  Aizul (Snake:2)
  12 vault wardens
  4 orc warlords
  3 ghost moths
  6 draconian stormcallers
  A caustic shrike zombie (Crypt:3)
  3 curse skulls
  The ghost of avis the Black Belt, a journeyman OpTm of Gozag (D:13)
  3 deep elf elementalists (Elf:3)
  6 draconian shifters
  A juggernaut zombie (Depths:1)
  9 ghouls
  A war gargoyle (Vaults:4)
  12 quicksilver oozes
  15 ironbound preservers
  8 draconian annihilators
  A juggernaut skeleton (Crypt:3)
  32 very ugly things
  12 vampire knights
  5 green draconians
  9 deep elf demonologists
  6 stone giants
  7 deep elf annihilators
  A lorocyproca (Depths:1)
  The ghost of Dyewenos the Spry, a journeyman FeBe of Trog (Shoals:2)
  5 black draconians
  An entropy weaver (Vaults:1)
  3 spark wasps (WizLab)
  7 red draconians
  11 yellow draconians
  9 purple draconians
  10 white draconians
  4 dire elephants
  The ghost of Deaggicw the Grappler, a journeyman DrTm of Qazlal (Lair:3)
  5 deep elf death magi
  7 eidola
  6 blizzard demons (WizLab)
  6 merfolk javelineers
  2 fire dragons
  5 ettins
  10 yaktaur captains
  7 merfolk impalers
  2 mummy priests (Crypt:3)
  16 jiangshi
  8 ice dragons
  A rakshasa (Depths:2)
  10 hydras
  12 great orbs of eyes
  Josephine (Lair:5)
  5 ironbound thunderhulks
  11 naga warriors
  5 deep elf high priests
  6 merfolk avatars
  A peacekeeper (Vaults:4)
  24 centaur warriors
  A quicksilver dragon skeleton (Crypt:1)
  15 anacondas
  9 ironbound frosthearts
  9 spriggan air magi
  A catoblepas (Shoals:4)
  4 vault guards
  2 boulder beetles
  An anaconda (shapeshifter) (Vaults:2)
  Erica (D:11)
  A ghost crab (WizLab)
  A salamander tyrant (Snake:4)
  11 two-headed ogres
  16 dancing weapons
  2 alligator snapping turtles (Shoals:4)
  7 merfolk aquamancers
  A two-headed ogre (shapeshifter) (D:15)
  6 deep troll shamans
  2 death knights
  6 death yaks
  2 satyrs
  A spectral dire elephant (Crypt:3)
  17 shock serpents
  5 tengu warriors
  8 deep troll earth magi
  6 spriggan berserkers
  6 orc high priests
  7 vampire magi
  16 naga sharpshooters
  5 hell knights (Vaults:4)
  6 salamander mystics
  2 soul eaters (Crypt:3)
  4 deep elf knights
  2 sun demons (Depths:1)
  An entropy weaver zombie (Crypt:3)
  10 iron trolls
  8 sea snakes
  A spark wasp zombie (Crypt:3)
  39 skeletal warriors
  2 shadow wraiths
  A bog body (Crypt:1)
  A death drake (shapeshifter) (Elf:3)
  2 shadow demons (Elf:3)
  8 lindwurms
  3 death drakes (WizLab)
  5 glowing orange brains
  4 flayed ghosts
  57 deep trolls
  5 deep elf archers
  5 necromancers
  Pikel (D:6)
  A wolf spider zombie (Crypt:1)
  13 ironbound convokers
  14 orc knights
  10 harpies
  5 naga ritualists
  A bunyip skeleton (Crypt:1)
  A golden dragon skeleton (Depths:1)
  9 mana vipers
  14 wizards
  14 phantasmal warriors
  30 deep elf pyromancers
  A fire giant zombie (Crypt:1)
  An iron dragon zombie (Crypt:3)
  19 deep elf zephyrmancers
  2 wolf spiders
  3 orc sorcerers
  2 stone giant zombies
  11 fauns
  4 shining eyes
  20 salamanders
  70 ugly things
  A tengu skeleton (Vaults:4)
  5 cyclopes
  10 manticores
  A dire elephant zombie (Crypt:1)
  17 vault sentinels
  7 elephants
  22 moths of wrath
  11 merfolk sirens
  2 water nymphs
  A smoke demon (Depths:1)
  32 black mambas
  10 naga magi
  23 eyes of devastation
  5 guardian serpents (Snake:4)
  3 apocalypse crabs (WizLab)
  25 cane toads
  A storm dragon simulacrum (Depths:1)
  A centaur skeleton (Crypt:3)
  53 yaktaurs
  2 kobold demonologists (Elf:3)
  3 rime drakes
  4 tengu conjurers
  2 freezing wraiths (D:15)
  3 komodo dragons
  3 yaktaurs (shapeshifter)
  A hellwing (Depths:1)
  An efreet (D:14)
  A rime drake (shapeshifter) (Elf:1)
  A guardian mummy (Crypt:2)
  A green draconian skeleton (Crypt:2)
  5 trolls
  34 merfolk
  A jumping spider (Vaults:1)
  6 hornets
  2 death drake zombies (Crypt:2)
  14 polar bears
  A harpy zombie (Crypt:1)
  A harpy skeleton (Crypt:3)
  7 wind drakes
  A frost giant simulacrum (Depths:1)
  106 slime creatures
  Grinder (D:6)
  8 dream sheep
  2 raiju (Lair:6)
  14 blink frogs
  12 snapping turtles
  4 flying skulls (Crypt:1)
  An ettin skeleton (Crypt:1)
  16 water elementals
  11 air elementals
  A spriggan (shapeshifter) (Elf:1)
  An ice dragon skeleton (Crypt:2)
  12 wyverns
  A satyr skeleton (Crypt:1)
  A centaur simulacrum (D:14)
  4 vampires
  A ynoxinul (Depths:1)
  2 redbacks (Vaults:1)
  7 spriggans
  2 hogs (Shoals:4)
  10 wraiths
  3 fire elementals
  4 basilisks
  47 yaks
  3 golden eyes (Depths:3)
  A chaos spawn (Depths:1)
  22 vampire mosquitoes
  5 wargs
  39 nagas
  A naga (shapeshifter) (Elf:2)
  An acid dragon (shapeshifter) (Elf:1)
  A warg (shapeshifter) (Elf:2)
  A water nymph zombie (Crypt:3)
  3 acid dragons
  5 large abominations (Elf:2)
  12 hell hounds (Lair:6)
  31 water moccasins
  A floating eye (Depths:1)
  A cane toad skeleton (Crypt:1)
  An elephant zombie (Crypt:2)
  47 orc warriors
  16 black bears
  6 necrophages
  18 wolves
  3 boggarts
  13 ogres
  14 centaurs
  A phantom (D:5)
  A hog skeleton (Crypt:1)
  A yaktaur zombie (Crypt:3)
  3 kobold brigands
  A rime drake skeleton (Crypt:2)
  13 bullfrogs
  A komodo dragon zombie (Crypt:1)
  2 scorpions
  2 gnoll sergeants
  A komodo dragon skeleton (Crypt:3)
  2 earth elementals
  A human skeleton (Vaults:4)
  7 small abominations (Elf:2)
  A warg skeleton (Crypt:3)
  A raiju zombie (Crypt:3)
  4 killer bees
  11 wights
  An electric eel (Elf:3)
  3 jellies
  6 howler monkeys
  3 centaur zombies
  3 hounds
  38 orc priests
  Crazy Yiuf (D:2)
  Jessica (D:2)
  A bullfrog skeleton (D:6)
  3 iguanas
  2 hell rats (Lair:3)
  15 orc wizards
  A demigod zombie (Crypt:2)
  A deep dwarf skeleton (Crypt:1)
  An ogre skeleton (Crypt:1)
  12 mummies (Crypt:3)
  9 gnolls
  8 adders
  6 river rats (Sewer)
  A shadow imp (D:4)
  A white imp (D:7)
  An adder zombie (D:3)
  4 worms
  An adder skeleton (D:4)
  A barachi zombie (Crypt:3)
  3 dart slugs
  98 orcs
  6 endoplasms
  5 giant cockroaches
  4 hobgoblins
  2 jackals (D:2)
  8 quokkas
  14 ball pythons
  6 bats
  9 frilled lizards
  A gnoll skeleton (Crypt:3)
  6 goblins
  26 kobolds
  A quokka zombie (D:3)
  36 rats
  4 ballistomycete spores
  2 tentacles (Shoals:3)
2378 creatures vanquished.

Vanquished Creatures (collateral kills)
  Saint Roka (Crypt:2)
  A storm dragon (Zot:5)
  2 draconian monks
  2 orc warlords (Vaults:2)
  Louise (Shoals:4)
  2 ghouls (Crypt:2)
  A very ugly thing (Depths:4)
  A yellow draconian (Zot:5)
  A fire dragon (Depths:4)
  A merfolk javelineer (Shoals:4)
  A merfolk impaler (Shoals:4)
  6 naga warriors
  A vault guard (Vaults:2)
  2 hydras
  An alligator snapping turtle (Shoals:4)
  2 centaur warriors (Vaults:1)
  An ironbound frostheart (Vaults:3)
  2 anacondas (Snake:1)
  A vampire mage (Elf:3)
  A tengu warrior (Depths:4)
  A soul eater (Vaults:2)
  5 naga sharpshooters
  A shock serpent (Snake:3)
  A deep troll (Vaults:4)
  A flayed ghost (Crypt:2)
  A glowing orange brain (Vaults:3)
  A naga ritualist (Snake:1)
  A wizard (Vaults:3)
  A mana viper (Snake:1)
  6 orc knights
  An orc sorcerer (Orc:2)
  2 ugly things
  2 salamanders
  2 vault sentinels
  4 guardian serpents
  3 naga magi
  5 black mambas
  2 cane toads (Lair:6)
  2 yaktaurs
  3 merfolk (Shoals:4)
  A hornet (Lair:6)
  A wind drake (Shoals:4)
  2 blink frogs (Lair:4)
  2 raiju (Lair:6)
  2 slime creatures
  A dream sheep (Lair:4)
  A snapping turtle (Shoals:4)
  A wyvern (Lair:6)
  3 hogs (Shoals:4)
  A yak (Lair:2)
  2 wargs
  14 nagas
  A hell hound (Lair:6)
  A water moccasin (Lair:6)
  7 orc warriors
  An ogre (Orc:2)
  3 wolves (Lair:6)
  A necrophage (Crypt:2)
  A bullfrog (Lair:3)
  3 orc priests
  2 orc wizards (Orc:2)
  11 orcs
  A frilled lizard skeleton (Crypt:2)
  110 ballistomycete spores
249 creatures vanquished.

Vanquished Creatures (others)
  A golden dragon (Zot:1)
  A lich (Depths:2)
  A centaur warrior (Vaults:1)
  A deep troll earth mage (Depths:1)
  A deep troll (Vaults:1)
  A flayed ghost (Depths:2)
  A deep elf zephyrmancer (Elf:1)
  A manticore (Shoals:4)
  A yaktaur (Vaults:1)
  A tengu conjurer (Depths:1)
  An air elemental (WizLab)
  A kobold (D:6)
  12 ballistomycete spores
  99 fungi
  218 plants
  4 tentacles (Shoals:3)
  4 withered plants (D:6)
349 creatures vanquished.

Grand Total: 2976 creatures vanquished

Notes
Turn   | Place    | Note
-------+----------+-------------------------------------------
     0 | D:1      | lawman0 the Troll Fighter began the quest for the Orb.
     0 | D:1      | Reached XP level 1. HP: 22/22 MP: 0/0
    56 | D:1      | Found a faded altar of an unknown god.
    81 | D:1      | Reached XP level 2. HP: 4/29 MP: 1/1
   383 | D:1      | Reached XP level 3. HP: 33/36 MP: 2/2
   597 | D:2      | Found Webbujot's Jewellery Shop.
   688 | D:2      | Found a runed translucent door.
   689 | D:2      | Noticed Crazy Yiuf
   786 | D:2      | Killed Crazy Yiuf
   787 | D:2      | Reached skill level 3 in Unarmed Combat
   931 | D:2      | Noticed Jessica
   942 | D:2      | Killed Jessica
   943 | D:2      | Reached XP level 4. HP: 44/44 MP: 3/3
  1643 | D:3      | Found a basalt altar of Yredelemnul.
  1718 | D:3      | Reached XP level 5. HP: 49/52 MP: 4/4
  2031 | D:4      | Found a burning altar of Makhleb.
  2082 | D:4      | Reached skill level 4 in Unarmed Combat
  2578 | D:4      | Found a glowing drain.
  2582 | Sewer    | Entered a sewer
  2636 | Sewer    | Reached XP level 6. HP: 57/59 MP: 5/5
  3348 | D:4      | Reached skill level 5 in Unarmed Combat
  3444 | D:5      | Entered Level 5 of the Dungeon
  3581 | D:5      | Reached XP level 7. HP: 64/67 MP: 6/6
  3639 | D:4      | Reached skill level 6 in Unarmed Combat
  3812 | D:5      | Found a glowing golden altar of the Shining One.
  3976 | D:5      | Reached XP level 8. HP: 32/75 MP: 7/7
  4053 | D:5      | Reached skill level 7 in Unarmed Combat
  4132 | D:6      | Reached skill level 5 in Shields
  4174 | D:6      | Found an ancient bone altar of Kikubaaqudgha.
  4229 | D:6      | Noticed Grinder
  4242 | D:6      | Paralysed by Grinder for 2 turns
  4254 | D:6      | Killed Grinder
  4255 | D:6      | Reached skill level 1 in Stealth
  4297 | D:6      | Noticed Pikel
  4310 | D:6      | Reached skill level 8 in Unarmed Combat
  4326 | D:6      | Killed Pikel
  4327 | D:6      | Reached XP level 9. HP: 29/83 MP: 8/8
  4503 | D:6      | Reached skill level 9 in Unarmed Combat
  4599 | D:6      | Reached skill level 1 in Throwing
  4698 | D:6      | Found a staircase to the Ecumenical Temple.
  4725 | Temple   | Entered the Ecumenical Temple
  5086 | Temple   | Became a worshipper of Fedhas Madash
  5156 | D:6      | Found a shadowy altar of Dithmenos.
  5157 | D:6      | Found a hazy altar of Hepliaklqana.
  5399 | D:7      | Reached skill level 1 in Invocations
  5541 | D:7      | Reached * piety under Fedhas
  5790 | D:7      | Reached skill level 10 in Unarmed Combat
  6122 | D:8      | Reached XP level 10. HP: 89/91 MP: 11/11
  6202 | D:8      | Found a transporter.
  6381 | D:8      | Noticed a brown ugly thing
  6396 | D:8      | Reached ** piety under Fedhas
  6647 | D:8      | Noticed a red ugly thing
  6648 | D:8      | Found a transporter.
  6649 | D:8      | Found a corrupted altar of Lugonu.
  6676 | D:8      | Noticed a green ugly thing
  6676 | D:8      | Noticed a green ugly thing
  6836 | D:8      | Reached skill level 11 in Unarmed Combat
  6905 | D:8      | Found Lien's Magic Scroll Emporium.
  6908 | D:8      | Bought a scroll of magic mapping for 38 gold pieces
  6908 | D:8      | Bought a scroll of identify for 22 gold pieces
  6908 | D:8      | Bought 2 scrolls of identify for 44 gold pieces
  6908 | D:8      | Bought a scroll of identify for 22 gold pieces
  6908 | D:8      | Bought a scroll of identify for 22 gold pieces
  6913 | D:8      | Bought a scroll of teleportation for 33 gold pieces
  6974 | D:9      | Found a broken altar of Ashenzari.
  7057 | D:9      | Found a staircase to the Lair.
  7120 | D:9      | Noticed a two-headed ogre
  7131 | D:9      | Killed a two-headed ogre
  7509 | D:9      | Found a runed translucent gate.
  7510 | D:9      | Found a runed translucent gate.
  7510 | D:9      | Found a runed translucent gate.
  7512 | D:9      | Noticed bjtr's ghost (novice DgCj)
  7515 | D:9      | Found a viscous altar of Jiyva.
  7550 | Lair:1   | Entered Level 1 of the Lair of Beasts
  7563 | Lair:1   | Noticed a seven-headed hydra
  7669 | D:10     | Entered Level 10 of the Dungeon
  7906 | D:10     | Reached XP level 11. HP: 84/97 MP: 11/13
  7957 | D:10     | Found a glowing silver altar of Zin.
  7957 | D:10     | Found a shimmering altar of Xom.
  7957 | D:10     | Noticed an angel
  8064 | D:10     | Noticed a centaur warrior
  8073 | D:10     | Killed a centaur warrior
  8111 | D:10     | Noticed a two-headed ogre
  8122 | D:10     | Killed a two-headed ogre
  8123 | D:10     | Reached skill level 12 in Unarmed Combat
  8257 | D:10     | Reached *** piety under Fedhas
  8343 | D:10     | Found a staircase to the Orcish Mines.
  8405 | D:10     | Found a bloodstained altar of Trog.
  8628 | D:11     | Noticed Erica
  8937 | D:11     | Killed Erica
  9195 | D:11     | Found Pehaladuru's Book Emporium.
  9536 | D:12     | Noticed a deep elf pyromancer
  9549 | D:12     | Killed a deep elf pyromancer
  9550 | D:12     | Reached skill level 13 in Unarmed Combat
  9553 | D:12     | Reached **** piety under Fedhas
  9612 | D:12     | Found Soahuser's Serpentskin Sales.
  9631 | D:12     | Bought 2 curare-tipped darts for 15 gold pieces
  9631 | D:12     | Bought 2 curare-tipped darts for 15 gold pieces
  9631 | D:12     | Bought 3 curare-tipped darts for 23 gold pieces
  9693 | D:12     | Reached skill level 5 in Invocations
  9784 | D:12     | Noticed a six-headed hydra
  9814 | D:12     | Noticed a two-headed ogre
  9831 | D:12     | Killed a two-headed ogre
  9841 | D:12     | Killed a six-headed hydra
  9842 | D:12     | Reached skill level 5 in Dodging
  9932 | D:12     | Noticed a two-headed ogre
  9961 | D:12     | Killed a two-headed ogre
  9962 | D:12     | Reached XP level 12. HP: 88/107 MP: 14/14
 10027 | D:12     | Noticed a five-headed hydra
 10053 | D:12     | Killed a five-headed hydra
 10391 | D:12     | Noticed a centaur warrior
 10400 | D:12     | Killed a centaur warrior
 10638 | D:13     | Noticed a two-headed ogre
 10650 | D:13     | Killed a two-headed ogre
 10865 | D:13     | Reached skill level 10 in Shields
 11011 | D:13     | Noticed a tengu warrior
 11020 | D:13     | Killed a tengu warrior
 11021 | D:13     | Reached skill level 14 in Unarmed Combat
 11112 | D:13     | Noticed a centaur warrior
 11123 | D:13     | Killed a centaur warrior
 11236 | D:13     | Found a runed translucent door.
 11239 | D:13     | Noticed avis's ghost (journeyman OpTm)
 11240 | D:13     | Identified the +11 spear "Obefoh" {flame, rN+ Will+ Dex+3}
 11381 | D:13     | Noticed a four-headed hydra
 11413 | D:13     | Killed a four-headed hydra
 11664 | D:14     | Noticed a centaur warrior
 11676 | D:14     | Killed a centaur warrior
 11677 | D:14     | Reached skill level 1 in Armour
 11706 | D:14     | Noticed Agnes
 11708 | D:14     | bope
 11733 | D:14     | Killed Agnes
 11846 | D:14     | Reached XP level 13. HP: 80/114 MP: 16/16
 12025 | D:14     | Found a gate to the Vaults.
 12229 | D:14     | Reached skill level 15 in Unarmed Combat
 12640 | D:15     | Entered Level 15 of the Dungeon
 12668 | D:15     | Found an iron altar of Okawaru.
 12905 | D:8      | Bought a scroll of acquirement for 572 gold pieces
 12905 | D:8      | Acquired the +1 cloak of Taakeyk {rElec Regen+ rCorr Str+4}
 12918 | D:8      | Acquired 511 gold pieces
 12920 | D:8      | Bought a scroll of fear for 38 gold pieces
 12920 | D:8      | Bought a scroll of fear for 38 gold pieces
 12920 | D:8      | Bought a scroll of magic mapping for 38 gold pieces
 12920 | D:8      | Bought a scroll of magic mapping for 38 gold pieces
 13108 | Lair:1   | Identified the +7 rapier of Due Proportion {flame, rElec
                  | Will- Int+5 Dex+9}
 13823 | Lair:2   | Reached skill level 16 in Unarmed Combat
 13865 | Lair:2   | Reached ***** piety under Fedhas
 13903 | Lair:2   | Acquired 348 gold pieces
 14115 | Lair:2   | Found a staircase to the Shoals.
 14487 | Lair:2   | Reached XP level 14. HP: 116/123 MP: 18/18
 14688 | Lair:3   | Found a transporter.
 14956 | Lair:3   | Noticed Deaggicw's ghost (journeyman DrTm)
 15002 | Lair:3   | Found a transporter.
 15307 | Lair:3   | Killed Deaggicw's ghost
 15309 | Lair:3   | Identified the ring of Fibatacw {rPois rC++ Will+ rCorr
                  | Int-4}
 15436 | Lair:4   | Found a staircase to the Snake Pit.
 15580 | Lair:4   | Reached skill level 17 in Unarmed Combat
 16566 | Lair:5   | Noticed Josephine
 16576 | Lair:5   | Killed Josephine
 17098 | Lair:6   | Entered Level 6 of the Lair of Beasts
 17489 | Lair:6   | Paralysed by a hornet for 2 turns
 17797 | Lair:6   | Reached XP level 15. HP: 69/131 MP: 10/20
 18245 | Lair:6   | Reached skill level 18 in Unarmed Combat
 18452 | Lair:6   | Noticed Rupert
 18455 | Lair:6   | D:
 18469 | Lair:6   | Killed Rupert
 18519 | Lair:6   | Found a staircase to the Slime Pits.
 18904 | D:9      | Learned a level 1 spell: Apportation
 19028 | D:2      | Bought the ring of Visteiru {Will+ Dex+6 Slay+2} for 954
                  | gold pieces
 19202 | Orc:1    | Entered Level 1 of the Orcish Mines
 19245 | Orc:1    | Found a flagged portal.
 19255 | Bailey   | Entered a bailey
 19323 | Bailey   | Reached skill level 5 in Throwing
 19331 | Bailey   | Found an iron altar of Okawaru.
 19729 | Orc:2    | Entered Level 2 of the Orcish Mines
 20282 | Orc:2    | Found Xutur's Magic Scroll Boutique.
 20304 | Orc:2    | Bought a scroll of teleportation for 39 gold pieces
 20304 | Orc:2    | Bought a scroll of identify for 26 gold pieces
 20305 | Orc:2    | Bought a scroll of fear for 45 gold pieces
 20305 | Orc:2    | Bought a scroll of identify for 26 gold pieces
 20305 | Orc:2    | Bought a scroll of identify for 26 gold pieces
 20305 | Orc:2    | Bought a scroll of blinking for 97 gold pieces
 20321 | Orc:2    | Noticed an orc warlord
 20344 | Orc:2    | Killed an orc warlord
 20582 | Orc:2    | Found Houfaoj's General Store.
 20591 | Orc:2    | Bought a potion of curing for 42 gold pieces
 20591 | Orc:2    | Bought a potion of curing for 42 gold pieces
 20949 | Orc:2    | Found Unats's Antique Weapon Emporium.
 20971 | Orc:2    | Found Cyasusea's Distillery.
 20985 | Orc:2    | Bought 2 potions of brilliance for 144 gold pieces
 20985 | Orc:2    | Bought a potion of berserk rage for 90 gold pieces
 21135 | Orc:2    | Found a staircase to the Elven Halls.
 21573 | Orc:2    | Bought a scroll of magic mapping for 45 gold pieces
 22013 | D:13     | Identified the +0 pair of boots of Odonk {Contam rN+ Regen+
                  | Int+2}
 22062 | D:13     | Killed avis's ghost
 22168 | D:15     | Reached skill level 19 in Unarmed Combat
 22410 | D:15     | Reached ****** piety under Fedhas
 22553 | D:15     | Reached XP level 16. HP: 109/140 MP: 22/22
 22579 | D:15     | Found a staircase to the Depths.
 22656 | D:15     | woto
 22656 | D:15     | Reached skill level 5 in Fighting
 22656 | D:15     | Reached XP level 17. HP: 149/149 MP: 23/23
 23112 | D:15     | pretty excited to get my int melted
 23112 | D:15     | oh
 23112 | D:15     | ok
 23112 | D:15     | ok sick
 23207 | D:14     | oh fuck yeah shoals
 23401 | Snake:1  | Entered Level 1 of the Snake Pit
 23427 | Snake:1  | Identified the +1 robe "Xaadwapt" {Harm rC- rN++ Int+3}
 23428 | Snake:1  | wtf
 23483 | Snake:1  | Reached skill level 1 in Evocations
 23489 | Snake:1  | lol hell yeah
 23915 | Snake:1  | Noticed Jorgrun
 23926 | Snake:1  | Killed Jorgrun
 24198 | Snake:2  | le ow
 24261 | Snake:2  | Reached skill level 10 in Invocations
 24324 | Snake:2  | lol owned binch
 24340 | Snake:2  | Reached skill level 20 in Unarmed Combat
 24422 | Snake:2  | that's bad
 24452 | Snake:2  | mein gott
 24452 | Snake:2  | I'm captain planet of the trolls
 24526 | Snake:2  | Noticed Aizul
 24550 | Snake:2  | Killed Aizul
 24595 | Snake:2  | owned
 24712 | Snake:2  | Found Silyzuep's Book Emporium.
 24712 | Snake:2  | Found Ytidi's Jewellery Boutique.
 24713 | Snake:2  | Found Rafedit's Book Emporium.
 25045 | Snake:2  | nope
 25073 | Snake:3  | give
 25073 | Snake:3  | gimmie
 25258 | Snake:3  | BLOOD
 25621 | Snake:3  | oh fuck no
 25637 | Snake:3  | my god
 25647 | Snake:3  | haha yes!
 25793 | Snake:3  | ow
 25793 | Snake:3  | goddamn
 25861 | Snake:3  | holy shit
 25961 | Snake:4  | Entered Level 4 of the Snake Pit
 25972 | Snake:3  | o_O
 25997 | Snake:4  | give
 26047 | Snake:4  | >:(
 26049 | Snake:4  | Reached XP level 18. HP: 140/159 MP: 24/24
 26317 | Snake:4  | Noticed Vashnia
 26349 | Snake:4  | Killed Vashnia
 27156 | Shoals:1 | Entered Level 1 of the Shoals
 27655 | Shoals:1 | Found Aquy's Self-Improvement Boutique.
 27678 | Shoals:1 | oh
 27686 | Shoals:1 | Identified the ring "Mafaf" {Ice *Corrode rN++ Dex+8
                  | Slay-5}
 27906 | Shoals:2 | Noticed Ilsuiw
 27921 | Shoals:1 | Killed Ilsuiw
 27994 | Shoals:2 | Noticed Donald
 28006 | Shoals:2 | Reached skill level 21 in Unarmed Combat
 28016 | Shoals:1 | Killed Donald
 28092 | Shoals:2 | Found a runed translucent door.
 28092 | Shoals:2 | Noticed Dyewenos's ghost (journeyman FeBe)
 28297 | Shoals:2 | Noticed Frances
 28310 | Shoals:2 | Killed Frances
 28866 | Shoals:2 | Killed Dyewenos's ghost
 29527 | Shoals:4 | Entered Level 4 of the Shoals
 29717 | Shoals:4 | Noticed Louise
 29724 | Shoals:4 | Reached XP level 19. HP: 159/172 MP: 23/26
 29746 | Shoals:4 | Killed Louise
 30126 | Shoals:4 | hell yeah
 30258 | Shoals:4 | Reached skill level 5 in Evocations
 30283 | Shoals:4 | Noticed Kirke
 30316 | Shoals:4 | Killed Kirke
 30340 | Shoals:4 | Noticed Polyphemus
 30364 | Shoals:4 | Reached skill level 15 in Shields
 30384 | Shoals:4 | Killed Polyphemus
 30532 | Shoals:4 | Got the Almanac of Transmigration and Weightlessness
 30828 | Shoals:4 | Got a barnacled rune of Zot
 31435 | Snake:4  | Got a serpentine rune of Zot
 31836 | Elf:1    | Entered Level 1 of the Elven Halls
 31838 | Elf:1    | Paralysed by an air elemental for 1 turns
 31848 | Elf:1    | Reached skill level 22 in Unarmed Combat
 32048 | Elf:1    | Paralysed by an air elemental for 1 turns
 32114 | Elf:1    | Paralysed by an air elemental for 1 turns
 32484 | Elf:1    | Got Moulyutuu's Compendium of Supportive Conjuration
 32731 | Elf:2    | Found Xozuel's Armour Boutique.
 32768 | Elf:2    | Found a magical portal.
 32781 | WizLab   | Entered The Chambers of the Cloud Mage
 32782 | WizLab   | lol
 32796 | WizLab   | Paralysed by an air elemental for 1 turns
 32837 | WizLab   | Reached XP level 20. HP: 164/183 MP: 27/27
 32909 | WizLab   | Paralysed by an air elemental for 1 turns
 33055 | WizLab   | Paralysed by an air elemental for 1 turns
 33062 | WizLab   | Paralysed by an air elemental for 1 turns
 33096 | WizLab   | Paralysed by an air elemental for 1 turns
 33401 | WizLab   | Paralysed by an air elemental for 1 turns
 33410 | WizLab   | Got the Disquisition on Lightness
 33418 | WizLab   | Identified the ring of Leaves {Fly rCorr Dex+3 Stlth+}
 33754 | Elf:2    | Got the Disquisition on the Oath and Changing
 33879 | Elf:2    | Found a runed translucent gate.
 33879 | Elf:2    | Found a runed translucent gate.
 33879 | Elf:2    | Found a runed translucent gate.
 34117 | Elf:2    | Found Zeaxidab's Assorted Antiques.
 34147 | Elf:2    | Bought a triangular jade amulet for 155 gold pieces
 34150 | Elf:2    | Bought a potion of curing for 93 gold pieces
 34150 | Elf:2    | Bought a wand of iceblast (8) for 124 gold pieces
 34150 | Elf:2    | Bought a scroll of teleportation for 93 gold pieces
 34150 | Elf:2    | Bought a wand of iceblast (10) for 124 gold pieces
 34246 | Elf:3    | Entered Level 3 of the Elven Halls
 34295 | Elf:3    | Found Utteon's Book Boutique.
 34617 | Elf:3    | Found an ancient bone altar of Kikubaaqudgha.
 34766 | Elf:3    | Found Fiot's Assorted Antiques.
 34777 | Elf:3    | Bought a potion of curing for 87 gold pieces
 34986 | Elf:3    | Found a shimmering blue altar of Sif Muna.
 35029 | Elf:3    | Paralysed by an air elemental for 1 turns
 35192 | Elf:3    | Identified the amulet of Oniciano {RegenMP rElec rF- Dex+2}
 35196 | Elf:3    | Got the Compendium of the Entourage
 35202 | Elf:3    | Got Asmodeus's Grimoire of Calling
 35372 | Elf:3    | Paralysed by an air elemental for 1 turns
 35375 | Elf:3    | Paralysed by an air elemental for 1 turns
 35378 | Elf:3    | Paralysed by an air elemental for 1 turns
 35672 | Elf:3    | Found the +7 Kryia's mail coat {PotionHeal*2 rC+}
 35694 | Elf:3    | Found the +7 lajatang of Order {silver, rMut}
 35704 | Elf:3    | Identified the +5 war axe "Boxkom" {venom, Fly}
 35708 | Elf:3    | Got Coaduh's Incunabulum of Twisted Translocation
 35709 | Elf:3    | Identified the +6 longbow "Imp's Peril" {venom, Int+2}
 35714 | Elf:3    | hell yeah
 35722 | Elf:3    | Identified the ring "Veasydd" {Int+6 Slay+5}
 35724 | Elf:3    | BLOOD
 36289 | Shoals:1 | Bought a manual of Dodging for 1360 gold pieces
 36574 | Vaults:1 | Entered Level 1 of the Vaults
 36762 | Vaults:1 | Reached skill level 5 in Armour
 36763 | Vaults:1 | Reached skill level 23 in Unarmed Combat
 36872 | Vaults:1 | I'm gonna become the joker
 36915 | Vaults:1 | oh m god
 36942 | Vaults:1 | hahahahahahaaha
 36942 | Vaults:1 | fuck you
 36975 | Vaults:1 | Reached XP level 21. HP: 171/196 MP: 29/29
 38215 | Vaults:2 | Reached skill level 10 in Fighting
 38590 | Vaults:2 | Found a staircase to the Crypt.
 40323 | Vaults:3 | Reached XP level 22. HP: 211/211 MP: 31/31
 40664 | Vaults:3 | Reached skill level 24 in Unarmed Combat
 40878 | Vaults:4 | Noticed Boris
 40899 | Vaults:4 | Killed Boris
 41361 | Vaults:4 | Noticed Margery
 41369 | Vaults:4 | Killed Margery
 42485 | Depths:1 | Entered Level 1 of the Depths
 42599 | Depths:1 | Noticed Nikola
 42631 | Depths:1 | Killed Nikola
 42649 | Depths:1 | Found a one-way gate to the infinite horrors of the Abyss.
 42779 | Depths:1 | >:(
 42988 | Depths:1 | Found a one-way gate leading to the halls of Pandemonium.
 43041 | Depths:1 | Found an opulent altar of Gozag.
 43071 | Depths:1 | Noticed a caustic shrike
 43077 | Depths:1 | Killed a caustic shrike
 43185 | Depths:1 | Noticed a caustic shrike
 43201 | Depths:1 | Killed a caustic shrike
 43205 | Depths:1 | Identified the +8 quick blade "Faruus" {flame, rCorr MP+9}
 43458 | Depths:1 | Found a gateway to Hell.
 43697 | Depths:2 | Reached XP level 23. HP: 202/226 MP: 32/32
 44262 | Depths:2 | hmm
 44262 | Depths:2 | no
 44372 | Depths:2 | haha big rock
 44494 | Depths:2 | Reached skill level 25 in Unarmed Combat
 44696 | Depths:2 | Found the +8 whip "Snakebite" {venom, curare, rPois}
 45424 | Depths:3 | Found Pomam's Jewellery Boutique.
 45444 | Depths:3 | Noticed a caustic shrike
 45444 | Depths:3 | Noticed a caustic shrike
 45445 | Depths:3 | Noticed a caustic shrike
 45446 | Depths:3 | Noticed a caustic shrike
 45455 | Depths:3 | Noticed a caustic shrike
 46059 | Depths:3 | Killed a caustic shrike
 46255 | Depths:3 | Killed a caustic shrike
 46347 | Depths:3 | Killed a caustic shrike
 46348 | Depths:3 | Reached skill level 10 in Evocations
 46383 | Depths:3 | Killed a caustic shrike
 46492 | Depths:3 | Lost intelligence.
 46603 | Depths:3 | Killed a caustic shrike
 46730 | Depths:4 | Entered Level 4 of the Depths
 46916 | Depths:3 | FUCK
 46991 | Depths:3 | wait
 46993 | Depths:3 | oh fuck me
 47032 | Depths:4 | no wonder why
 47068 | Depths:4 | Found a shadowy altar of Dithmenos.
 47103 | Depths:4 | Found a gateway to a ziggurat.
 47201 | Depths:4 | Reached XP level 24. HP: 227/240 MP: 33/33
 47222 | Depths:4 | Reached skill level 10 in Dodging
 47276 | Depths:4 | Reached skill level 10 in Throwing
 47383 | Depths:4 | Identified the +2 robe of Darkness {rPois rC+++ Regen+
                  | Str-5}
 47384 | Depths:4 | whoa
 47443 | Depths:4 | Found a gate to the Realm of Zot.
 48060 | Shoals:1 | Bought a manual of Armour for 1360 gold pieces
 48443 | Crypt:1  | Entered Level 1 of the Crypt
 48625 | Crypt:1  | Noticed Xtahua
 48639 | Vaults:2 | hmmm
 48639 | Vaults:2 | HMMMMMMMMMMMMMMMMMMMMMMMMMMMMMMMMMMMM
 48639 | Vaults:2 | that's bad
 48732 | Vaults:2 | Killed Xtahua
 48752 | Crypt:1  | Reached skill level 15 in Invocations
 48787 | Crypt:1  | Found a basalt altar of Yredelemnul.
 50325 | Crypt:2  | Noticed Saint Roka
 50346 | Crypt:2  | Killed Saint Roka
 50641 | Crypt:3  | Entered Level 3 of the Crypt
 51042 | Crypt:3  | Reached skill level 26 in Unarmed Combat
 51151 | Crypt:3  | Identified the amulet "Lonae" {RegenMP rElec rF- Regen+}
 51425 | Crypt:3  | cool
 51441 | Crypt:2  | Found a basalt altar of Yredelemnul.
 51585 | Crypt:3  | Noticed a dread lich
 51587 | Crypt:3  | Noticed a dread lich
 51587 | Crypt:3  | Noticed a dread lich
 51615 | Crypt:3  | Found a staircase to the Tomb.
 51881 | Crypt:3  | godadmn it\
 51912 | Crypt:3  | FUCK
 52158 | Crypt:3  | Reached skill level 15 in Fighting
 52327 | Crypt:3  | Reached XP level 25. HP: 242/245 MP: 33/33
 52531 | Crypt:3  | Got the Tome of Necromancy
 52702 | Vaults:2 | GODDAMN
 53090 | Slime:1  | Entered Level 1 of the Pits of Slime
 53292 | Slime:1  | Gained mutation: You are clumsy. (Dex -2) [a shining eye]
 53377 | Slime:2  | Gained mutation: You are weak. (Str -2) [a shining eye]
 53378 | Slime:2  | Gained mutation: You tend to lose your temper in combat. [a
                  | shining eye]
 53565 | Slime:3  | Reached skill level 10 in Armour
 53859 | Slime:5  | Entered Level 5 of the Pits of Slime
 54553 | Slime:5  | Gained mutation: You occasionally shout uncontrollably at
                  | your foes. [a shining eye]
 54669 | Slime:5  | Noticed the Royal Jelly
 54690 | Slime:5  | Killed the Royal Jelly
 54750 | Slime:5  | Got a slimy rune of Zot
 54788 | Slime:5  | Identified the amulet of the Contumacious Lime {rF- Regen+
                  | rCorr Dex+4 SInv}
 54844 | Slime:5  | Identified the +5 falchion "Futaduil" {venom, rF+ rN+ Int-4
                  | Dex+7}
 55740 | Zot:1    | Entered Level 1 of the Realm of Zot
 55931 | Depths:3 | Lost mutation: You are weak. (Str -2) [potion of mutation]
 55931 | Depths:3 | Lost mutation: You are clumsy. (Dex -2) [potion of
                  | mutation]
 55931 | Depths:3 | Gained mutation: Your muscles are strong. (Str +2) [potion
                  | of mutation]
 55932 | Depths:3 | Lost mutation: You occasionally shout uncontrollably at
                  | your foes. [potion of mutation]
 55932 | Depths:3 | Lost mutation: You tend to lose your temper in combat.
                  | [potion of mutation]
 55932 | Depths:3 | Lost mutation: Your muscles are strong. (Str +2) [potion of
                  | mutation]
 55932 | Depths:3 | Gained mutation: You have a pair of small horns on your
                  | head. [potion of mutation]
 56555 | Zot:1    | lol
 58593 | Zot:3    | Reached XP level 26. HP: 247/262 MP: 34/34
 58682 | Zot:3    | Identified the +1 chain mail of Sif Muna {rPois Dex+3
                  | Stlth+}
 59704 | Zot:4    | Reached skill level 27 in Unarmed Combat
 60079 | Zot:4    | Noticed an orb of fire
 60086 | Zot:4    | Gained mutation: Your body sometimes deteriorates upon
                  | taking damage. [an orb of fire]
 60090 | Zot:4    | Gained mutation: Your body often deteriorates upon taking
                  | damage. [an orb of fire]
 60094 | Zot:4    | Gained mutation: You are agile. (Dex +2) [an orb of fire]
 60095 | Zot:4    | Killed an orb of fire
 60097 | Zot:4    | Lost mutation: You are agile. (Dex +2) [potion of mutation]
 60097 | Zot:4    | Lost mutation: You have a pair of small horns on your head.
                  | [potion of mutation]
 60097 | Zot:4    | Lost mutation: Your body often deteriorates upon taking
                  | damage. [potion of mutation]
 60097 | Zot:4    | Gained mutation: You expend magic power (3 MP) to
                  | strengthen your wands. [potion of mutation]
 60097 | Zot:4    | Gained mutation: You are agile. (Dex +2) [potion of
                  | mutation]
 60287 | Zot:5    | Entered Level 5 of the Realm of Zot
 61010 | Zot:5    | Noticed an ancient lich
 61022 | Zot:5    | Noticed a dread lich
 61031 | Zot:5    | Noticed an orb of fire
 61033 | Zot:5    | goddamn
 61033 | Zot:5    | Killed from afar by an ancient lich

Illustrated notes ***** *,* *,* *,*,** *,* *,* ,*,*,* #######+### *,* *,*,** #.>....?..# *,* ,*,*,* #.........# #.# *,*,*****#.y...y...# #.# ,*,*,*,,,+.....y...# #.# *,*,*****#.....yi!.# #.# ,*,*,* #......@..# #.# *,*,** ######'#### #<# ,*,*,* #..# #.## *,*,** ##.## #<.# ,*,*,** #..## #####'#### *****,* ##..# #.....)... *,,* ***#######'## #......... ****,** *,,.........# #......... ,,,,,* *,,.........####......... Turn 11708 on D:14: bope ..............,,,,,,,,,,,,>,,,* ..............#.#.....#.,,,,,** .........#...#..........,,,,** ...###....#..........@..,,,,** ...#..#.................,,,,,*** ..........#.............,,,,,,,* ........................,,,,,,,* ............../.........,,,,,,*** ................@.......,,,,,,,,* .......#................,,,,,,,** .......#..##...##.......,,,,,,,* ...........#####*#######******** .........### ....P...## ### .......## #.##### .......#### ###### ##...(# ......#...##########P#).###.....# Turn 18455 on Lair:6: D: *,#............#.. #.#............#.. #.#............#.# #.#...........)#.# #.#..........###.# #.#+######'###...# *#######................# *......................)† *.......@...............# *#######......[.......... #....######....... #...##.#..#.####.. ###...#.....###..##. #.....##.##..#....## #.....#..###......(† #.....#....###....## #.<...####†####..##. Turn 22656 on D:15: woto ...........#####≈#.....#≈* ######'###.# #≈#.....#≈* .........#.# #≈#.....#≈* .........#.# #≈#.....#≈* .........#.# #≈#....)#≈# .........#.# #≈##'''##≈# #####+####.# #≈≈≈...≈≈≈# ....÷......#####.###.##### ................@[)[.# ........#'###+##.##### ........#......#.# #######.#......#.######## ......#.#......#........# ......#.#......#........# ......#.#......#........# ......#)#......#........# ......#)########........# Turn 23112 on D:15: pretty excited to get my int melted ## .# ########### ## #.........# ############# .# #.........# #...........# .####.........# #.....†.....# .'.##.........# #####............ .#.##.........###...'>.......†... .#..'.........'|@.###...........# #####......)..##### #######'##### #######'### ##..# #...# #..## # ###'######## ####.## #######..........### #....# ##....'..........'.###'########## #..####..........#.#............# '.## #..........#.#....(.......# Turn 23207 on D:14: oh fuck yeah shoals #...#.## .#####).##### .............# .......###...# ....... #...## .......####...### ................# ..#...##........# ..#... #...@....# ##.....### ###.### ### Turn 23428 on Snake:1: wtf ...# ..... ... # # ..... .. #.#.#....### # #. #.#)#......#### #)###. ##..)#.........# #..##. #...)[#......#.# #.... #......##....#.# #.... #....P@.#......####.... ####^PP................ #..................#. #........###.......## #...............##..# ##...)..#..##...###.# #........#.......... #....###.#....###... #.##.# #.#.......... Turn 23489 on Snake:1: lol hell yeah ###+### ##...).## ##...8...## #.........## ..8..>..8..## .......@....## .....8..))...## ..#.....#†P...# #.....#PP8..## #..8..##.....# #. ..##.....##.....# ###. .. #.....##.....# ....##+#.###.....###'#+##... ...........##+#+##........# Turn 24198 on Snake:2: le ow .............## .................## .(................## ...................## ............^.......# (.................## #(N...............## ##(........###.....## ##.@.......###...... #.........# ##..... #............# #..... #.............####..... #...................... ....#####............... ...##.8.##.............. ...#.....#.............. #8.<.8#.............. Turn 24324 on Snake:2: lol owned binch #.........##.... #........##..... #........#.....# #..###..##..8).# #..# #..#.....## ##..# ##.#.....## ##..#####.#.....## #######NS.......##+#.### .[....N@N..............# ......NNN............... §.....[................. (..S.................... N......................# ......................## .................[....# ......######.........## #.........# # Turn 24422 on Snake:2: that's bad #.S.......##...... #........##....... #........#.....#.. #..###..##..8).#.. #..# #..#.....##.. ♣♣##).# ##.#.....##.. ♣♣PP..#####.#.....##.. #####PP.PPP.....##+#.###.. .[.....)P@P............##+ ......).PPP).............. ......[................... (.......................## ...........)...........### S.)...................## # ....)............[....# ## ......######.........## #. #.........# ##. Turn 24452 on Snake:2: mein gott ...##(.)............ ......)............. ................... .................. ### ................# #.. ................# #.. ................# #.. .......$....@...# #.. #...............# #.. ###.............# #.. #.............## ♣♣##). ##.............## ♣♣....# #..............#####...... ##......###.....[.....)... #......###.....)....).... ##......###.....†...[.... Turn 24595 on Snake:2: owned .............###...........####.. .............###.........### ### ..............##.......### # ....#####......##.....## ....# ##.............## ...## ##...............##### ...# ##....................# ## ..## #.....................# ##. ..####..........@.........## #.. ..##..)..................## #.. .....)...................# ##.. ........................## ##... ........................#####.... ...............#####.#####....... ...............#♣♣♣♣∩♣♣♣♣#....... ...............#♣.....PP♣#....... ...........)...#♣P..⌠..P♣#....... Turn 25045 on Snake:2: nope #.....<...N.# #...⌠..^⌠.N.# ##.........## .#.##...##.# ....#####. .. ## .SN...N ## .N.. ##S## ##..@## #.....# #⌠.<.⌠# #.....# ##.⌠.## ##### Turn 25073 on Snake:3: give #......##### .. #...##.#...###.. #..####...##^........##### .......................... .....##...###.....#.##.... #..[†...###............... #...$.)......##.#......... #...!..†.)).........(..... #..####)P@......#...##...# ##. ##fPP.....)..###..## # ####.....#####...#. .....##...###...#. .#...##...##....'. . #.............##. #..............#. .....##........## ..### #...##..<## Turn 25258 on Snake:3: BLOOD ................# ...#.....#....# ...#.......>..# ####...#......# # #...#......## ###..###....)..## N ....#####.......# N.N ................###...NN .#.##....#......@N.N.... ...........###.###'###># .#.......... ###.....# .....(.....###......... ## .#...##...##....#####.... .)..###..##..#.##...##.# .#####...#..##.........## ...###...#..#...⌠...⌠...# ...##....'..#.....<...N.# Turn 25621 on Snake:3: oh fuck no ...................# ......#.....#....# ......#.......>..# ...####...#......# #### #...#......## ...###..###....)..## . .......#####.......### ... ...................PP#).... ....#.##....#...@..))).)... ..............###.###)###># .##.#.......... ###.....# ........(.....###......... ## ....#...##...##....#####.... ....)..###..##..#.##...##.# ....#####...#..##.........## .##...###...#..#...⌠...⌠...# .##...##....'..#.....<...N.# Turn 25637 on Snake:3: my god ..................# .....#.....#....# .....#.......>..# ..####...#......# ### #...#......## ..###..###....)..## . ......#####.......### ... ..................§P#).... ...#.##....#....@†))).)... .............###.###)###># ##.#.......... ###.....# .......(.....###......N.. ## ...#...##...##....#####.... ...)..###..##..#.##...##.# ...#####...#..##.........## ##...###...#..#...⌠...⌠...# ##...##....'..#.....<...N.# Turn 25647 on Snake:3: haha yes! #####..)).###.... #...#.....###.... #...##.....####.. #......###..###.. #...####......### #..## #...##.#.. #####..####...##^... #................... ##.@.....##...###... #....#..[....###... #....#.....)......# ##...#......†.))... #...#..####)...... #...##.## ##...... ######..#######... ##..........# #......#...# Turn 25793 on Snake:3: ow ...#######.####..#...#.##........ ............#...##.....##...#.#.. ....######..#.####...####.###.# .......####.#.#......# #.# # .....................# #.## ........#.....#....### #..##.# ##......#.......>..# ##..#.# ##...####...#......# ##.#.### .##### ##...#)))@..## ##...... .#...###..###PP).)..## ###...#... ^........#####.P.....###.....#... .............PPP.......#)....#.## #.....#.##....#.....÷))).)....... #...............###.###)###>#...# ...##.#..........>###.....###..=. ).........(.....###.........###.. ......#...##...##....#####....##. Turn 25861 on Snake:3: holy shit ...........# #.###.# ###...## ....#....### #..##.# ##### ......>..# ##..#.# ..#......# ##.#.#### ..#)))...## ##......# ###P.).)..## ###...#...# ####.......###.....#...# .....P.......#)....#.########## ....#.....÷)[).)@)............# ......###.###[###>#...#.......# .......>###.....###..=....##### (.....###.........###.....# ##...##....#####....##.[..# ##..##..#.##...##.#..##...## #...#..##.........##..#....# #...#..#...⌠...⌠...#..#....# ....'..#.....<...N.#..'....# Turn 25972 on Snake:3: o_O .. .. .#. #. N...##. #.N.... #....#.## #......### #........##### #$(...@....... #......####### #......# #......# ###....# #....# ##...# ##..# Turn 25997 on Snake:4: give ##......#.## #..#.......# #..#..[#..# #....##..## #..NN.... #....#.## #.....N### # #...N†..N######..# #.....@.N.......# #......########.# #......# #......# ###....# #....# ##...# ##..# Turn 26047 on Snake:4: >:( ≈≈≈≈≈≈≈≈≈≈≈≈≈≈≈≈≈≈≈≈≈≈≈≈≈≈ ≈≈≈≈≈≈≈≈≈≈≈≈≈≈≈≈≈≈≈≈≈≈≈≈≈≈ ≈≈≈≈≈≈≈≈≈≈≈≈≈≈≈≈≈≈≈≈≈≈≈≈ ...≈≈≈≈≈≈≈≈≈≈≈≈≈≈≈≈≈≈≈≈≈ ...≈≈≈≈≈≈≈≈≈≈≈≈≈≈≈...≈≈≈ ....≈≈≈.≈≈≈≈..≈≈.≈≈..... ....))..)....≈≈≈.≈≈≈.... ...#.........≈≈⌠.⌠≈≈.... ................@....... .###.........≈≈⌠.⌠≈≈.... ###..≈≈......≈≈≈.≈≈≈.... ....≈≈.......≈≈.≈≈..... .[...≈......†........... ........................ ....!................... ≈ ....≈.............=≈.. ≈ ..≈.............. Turn 27678 on Shoals:1: oh

≈≈≈≈≈.......≈≈P≈PP≈≈≈≈≈≈≈≈≈≈≈....
≈≈≈≈........≈≈PP≈≈≈≈≈≈≈≈≈≈≈≈≈...,
≈≈≈,.........≈≈≈≈≈≈≈≈≈≈P≈≈≈≈≈≈≈,,
≈≈≈,.........≈#≈###†≈≈≈≈≈≈P≈≈≈≈≈,
≈≈≈≈≈........#######≈≈≈P≈≈≈≈≈≈≈≈≈
≈≈≈≈≈......###≈≈≈#≈≈##≈≈≈≈≈≈≈≈≈≈≈
≈≈≈≈≈≈.....,#≈≈≈≈≈))#*,≈≈≈≈≈≈≈≈≈≈
≈≈≈≈≈≈≈≈...*##≈#≈#≈##≈,,.≈≈≈≈≈≈≈≈
≈≈≈≈≈≈≈≈≈≈.≈*#≈≈@≈≈≈#*,,,≈≈≈,,≈≈≈
≈≈≈≈≈≈≈≈≈≈,,*#≈#≈#≈##*,,,,≈!,,,,≈
≈≈≈≈≈≈≈≈≈≈,,#≈!≈≈≈≈≈#*,,,,,≈,,,,,
≈≈≈≈≈≈≈≈≈≈,,##≈≈#≈≈≈#,,,,,,,,,,,,
≈≈≈≈≈≈≈≈≈≈≈,,#######≈,≈,,,,,,,,,,
≈≈≈≈≈≈≈≈≈≈≈≈,*,≈**,≈≈≈≈≈,,,,,,,,,
≈≈≈≈≈≈≈≈≈≈≈≈≈,,,,,,,≈≈≈≈≈,,,,,,,,
≈≈≈≈≈≈≈≈≈≈≈≈≈≈≈≈≈≈≈≈≈≈≈≈≈≈,,,,,,,
≈≈≈≈≈≈≈≈≈≈≈≈≈≈≈≈≈≈≈≈≈≈≈≈≈≈≈≈,,,,,


Turn 30126 on Shoals:4: hell yeah ##+## ##...## ##.....## #.......# +.∩.@.∩.+
#.......# ##.....## ##...## ##+## Turn 32782 on WizLab: lol
.##..................##.##.# #.. ..##.######..######.###.##.# ###
...###...≈≈..≈≈...#.# #.##.###### .........≈≈..≈≈.....###)##.......
.#####...≈≈..≈≈...###...##......# .#####...≈≈..≈≈...# #...######.##
.....######.!###### #)).##....## .##########..########=######.##
.}.)...}.##..##?@.).[[.)# ##.### ..).).}.)##..##?:[.).)([######.##
.).).))=.##..##=/.[):.)(##...##.. ..}...|))##..##.)|):[:))####.##..
###########≈≈############ ##..... #≈≈# ##....## #≈≈# #....#.. ###########..#####
###.....## .................## ##.#....... Turn 35714 on Elf:3: hell yeah
#...###...≈≈..≈≈...#.# #.##.##### #.........≈≈..≈≈.....###)##......
#.#####...≈≈..≈≈...###...##...... #.#####...≈≈..≈≈...# #...######.#
#.....######.!###### #)).##....## #.##########..########=######.##
#.}.)...}.##..##...).[[.)# ##.## #..).).}.)##..##).[.).)([######.#
#.).).))=.##..##@..[):.)(##...##. #..}...|))##..##.)|):[:))####.##.
############≈≈############ ##.... #≈≈# ##....# #≈≈# #....#. ############..#####
###.....# ..................## ##.#...... .####.#####.####...## ##.###...#.
.....).....).###....###.## ##.### Turn 35724 on Elf:3: BLOOD #.....# #.....+
#.....+ #.....# #.....# #.....# +.....# #@....# #.....# #####...).#
..........############ ..........'..........# ........)..#..........#
(..........#..........# ########...#..........# +...#..........# Turn 36872 on
Vaults:1: I'm gonna become the joker #.....# #.....# #.....# +..u.p# #.....#
#...p.# #####...u.# ..........############ ..........@[.........#
........)..#..........# (..........#..........# ########...#..........#
+...#..........# #...#..........# #)..#..........# #...#..........#
#...#..........# Turn 36915 on Vaults:1: oh m god #.....# +.pc.p# #.T...#
#.....# #####...T.# .........p############ ..........T[.........#
........)..#uc........# (..........#@.........# ########...#†[........#
+...#..........# #...#..........# #)..#..........# #...#..........#
#...#..........# #...#..........# #...#..........# Turn 36942 on Vaults:1:
hahahahahahaaha #...........[.......^... #....###########...##### #...#.## #...#
#...##.#########...#### #..<.................... #.......................
#...................)... ##########....########## ##.@.# #.4.# .......
..###...... #.. ##......# .. #....... . 4....... 3##...> Turn 42779 on Depths:1:
>:( ##..##....#####.[.###...# .....#..........#......##
...).......##..##.....###. .#...#..######.......###.# .##.##..# ##.#...###.#
.......## #....###C# .##.#### ##...###..# ....# ##...###...# ##### ##...@##.C..#
#...CC..# #...##.##TC..... #...# #.. ....... #...# H#.###C.#.. ...# .. .. #.# .#
..Q ... #.# ..C. ... #.# .#### #### #. Turn 44262 on Depths:2: hmm
.....#..###....##...#............ .....'.⌠..##...#...##...........<
.....#..[..#####..?#.....###..... .....###.)†.###...##......##..... ......
###.......##...........#.. ...##.. #†..⌠...#.....P.P....##. #.. .
#.......#.....P.)....... ### .. #.⌠...⌠.#.....P[........
#......@#.....)[)....... #...⌠...#.....))........ #.......###........##.##
...###....###.###..#...# ..## ##.....#..##....... .. . ##..⌠........#....
...###..#......##..# .....#'##........... .......[...†.>...##.. Turn 44372 on
Depths:2: haha big rock ###.....................#...#..##
#.#.....................#...#..# #########.......#########.^.#.##
...........)................#.# ..........................###.#
...............?..........#.#.# #############################.#
..................(...........# #######'#.......@#......#######
.....[..####....##..#...# ...........####'#...##..# #+#####.......#......#..#
......'.......'....>.+..# ......#......###.....#..# #.....##.....# ##..######
#......####### #.## ##.....# ### Turn 46916 on Depths:3: FUCK ### ########
######### ..#####..#...# ##### #.......# ..'...#..#...###...######.....#
###...#..'.........<.# #.....# ..†##.'..##..........# #...###
..#.#.#...#.....@....####..## ...##.#...#..........'.....#
..#.###...#...####.###.....# .#.##..>#######..###.......## #.#.#####
#...#..........# ###.∩.########...#........#'####
.####.#.#[#.#....#....).###....## .# ##.#...#.....#......+.......# ###
#.#..........'......##......# Turn 46991 on Depths:3: wait ### ########
######### ..#####..#...# ##### #.......# ..'...#..#...###...######.....#
###...#..'.........<.# #.....# ..†##.'..##..........# #...###
..#.#.#...#.....@....####..## ...##.#...#..........'.....#
..#.###...#...####.###.....# .#.##..>#######..###.......## #.#.#####
#...#..........# ###.∩.########...#........#'####
.####.#.#[#.#....#....).###....## .# ##.#...#.....#......+.......# ###
#.#..........'......##......# Turn 46993 on Depths:3: oh fuck me ...
#..........# #....## ... #..........# ##....## ... #..[.<....## #..#...# ...
#.........## ##.#...# .#. ###........###....### ... #...........#[.....### ...
#....................# .. #................≈...## . #........@.......≈....###
#................≈<.....# ..........))##[.........## .#............[[...######
##................# #...........(.....# #.≈≈≈≈≈..........## ...≈≈≈.≈≈≈≈....##
...≈≈≈.≈≈≈≈.#### Turn 47032 on Depths:4: no wonder why ##.### #....... #......
#..... #..... ##....### #......@# ##.....## ###...# ##### #..## ............
##...# #..## #............. #....# #...# #.............
#....####..####............. ###........#................
#........................... Turn 47384 on Depths:4: whoa ##.#.#.#.#.##).....#
######### #.#.#...#.#.#......# ........# ########'#######......# ...<((..#
#...........# #......# ......>.# #.#.......#.# #......# ....(...#
#...........#####'#+### ....(...# #...8###8.^.#........# ........#
#...##.##...#........# ######### #...#.@.....#........# #...#..##...#........#
#.[.8...8...#........# ######### #.......[...#........# ........#
#.#....[..#.'........# .....##.# #...[.......#........#
...####[#####'#########........# .#####..#......# #........# ##..##..#......#
#...(....# Turn 48639 on Vaults:2: hmmm #..#**...........###........##
#..#,*,,8.###,8,,*,#.......## ###..#,*,,,^^^W^,,,*,#......##
.##..##**###'''#****##..#'### ..#...#*,.z.....,,,*#...#.#
).....##,....z..,,,##..##.# ..#....###.Zz..z,###......#
....##...##'''''##...#...## ................@...##...#######
..####'''##########.##+++##....## ..# #...........................# ..#
#...........................# ..# #............).............##
..###..........)..............## ....'.....................#####
....'....................## ....'.............####'''# Turn 51425 on Crypt:3:
cool *### #############..#**#* #...........'..#†zM, #...L...M...'...ZZW,
#.44z...M...'..#,L,, *######VV#########M.#,,,, **.....#.@# *,.#****
**,.....'W.## *,,..,,* ****,,.W...'...# *,,,..,* *,,+,,.....'...# *,,,,..*
*,**,,.....#'''## *,,,,,.* *,**,,..........# **,,,,** *,,+,,..........# **,,**
*,,+,,..........# **** *,,+............# Turn 51881 on Crypt:3: godadmn it\ *###
##### ###### ##..#**#*** ##...###########..... .'..#†zM,,* #.....'........'....[
.'...ZZW,,* #.....'........'..... .'..#,L,,,* ##....'........'..... ##M.#,,,,,*
##...#.####..##..... *,.#****** ##..#'## #..###.... *,,..,,* #.....###.[###''#.
*,,,..,* #@....'.........#. *,,,,..* #.....'.........'. *,,,,,.*
#.....'.........'. **,,,,** #.....##'''##...') **,,** #..####.....#...#. ****
#................. #................. #...############## #...#≈≈≈≈≈≈≈≈≈≈§≈≈ Turn
51912 on Crypt:3: FUCK ##.#.#.#.#.##).....# ######### #.#.#...#.#.#......#
........# ########'#######......# ...<((..# #...........# #......# ......>.#
#.#.......#.# #......# ....(...# #...........#####'#+### ....(...#
#...8###8.^.#........# ........# #...##[##...#........# #########
#...#.@.....#........# #...#..##...#........# #.[.8...8...#........# #########
#.......[...#........# ........# #.#....[..#.'........# .....##.#
#...[.......#........# ...####[#####'#########........# .#####..#......#
#........# ##..##..#......# #...(....# Turn 52702 on Vaults:2: GODDAMN ##...##
#.#..#..... ##.....## #.##.#....> ##.......###.#..'..... #........['.....##....
#.........#.#....##... #.(.......+.#....###.. ##.......######### ### ##.....##
##.@.## #'#+# #. #[ .. #. ## Turn 56555 on Zot:1: lol ▓▓▓▓▓▓▓▓▓# ▓▓▓
.........### ##... .....##*^..## #.... ... ###X..###########...# .
##XX.....y.......# ##XL{..........# #.@....9......# ##....^......##
#...........# ##.§.........## #.............# #.............# #...............#
## ##### ########.######## ▓ .# ##...# #.##..#..# ## Turn 61033 on Zot:5:
goddamn

Levels and vault maps discovered:
D:1:      minmay_arrival_semitransparent, layout_rooms,
          chequers_ecumenical_altar_simple_redux, minmay_tetromino_s2
D:2:      layout_loops_ring, serial_shops, shop, hangedman_decor_growths,
          uniq_jessica, uniq_crazy_yiuf_cottage
D:3:      layout_basic, lemuel_zombie_altar_yredelemnul
D:4:      layout_loops_ring, marbit_many_paths, gup_sewer_entry_spiral,
          minmay_rat_hole
D:5:      layout_cave_pools, nicolae_tso_swordbearing_angel
D:6:      layout_rooms, riverfiend_overflow_shadow_ancestor,
          kiku_gazebo_garden_becter, minmay_temple_entry_grid, serial_aquarium,
          aquarium_bridge_long_joined [aquarium_subvault_balcony,
          aquarium_subvault_balcony, aquarium_subvault_balcony,
          aquarium_subvault_bridge, aquarium_subvault_bridge,
          aquarium_subvault_bridge], aquarium_bridge_square
          [aquarium_subvault_window, aquarium_subvault_window,
          aquarium_subvault_wall, aquarium_subvault_bridge], aquarium_window_1,
          aquarium_window_3, aquarium_window_1, aquarium_window_fake,
          aquarium_view_2b, aquarium_balcony_1a, uniq_grinder, uniq_pikel
D:7:      layout_basic
D:8:      gammafunk_corrupted_shrine, layout_cave_pools, serial_shops,
          nicolae_shop_behind_doors
D:9:      layout_loops_cross, nicolae_ashenzari_skybound, dpeg_oklobed_lair,
          gammafunk_ghost_ooze
D:10:     layout_loops_corners, grunt_temple_overflow_order_and_chaos_1,
          trog_book, orc_0_dummy
D:11:     layout_loops_ring, serial_shops, shop, uniq_erica
D:12:     layout_loops_ring, guppyfry_shop_venom
D:13:     layout_irregular_city, ebering_ghost_funeral_grove
D:14:     layout_roguey, david_vaults_5, minmay_misc_feat_hallway, uniq_agnes
D:15:     gammafunk_enter_depths_forms, layout_irregular_city, okawaru_trees_2,
          minmay_orc_keep
Temple:   minmay_temple_forest_path
Lair:1:   layout_big_grid, beast_lair_carwin_8, serial_bayou_shore_a
Lair:2:   layout_hall_layers, minmay_shoals_entry_centaurs
Lair:3:   layout_chaotic_city, gammafunk_ghost_berserking_beasts
Lair:4:   layout_cellular_growth, guppyfry_snake_entry_island
Lair:5:   layout_regular_city, minmay_hedge_maze,
          grunt_forest_large_clearing_hut, uniq_josephine
Lair:6:   hangedman_lair_caniforms_friends, layout_gridlike,
          hangedman_lair_tendril_chambers, slime_dummy, uniq_rupert
Shoals:1: layout_shoals, nicolae_shop_self_help
Shoals:2: layout_shoals, ebering_ghost_inner_flame, uniq_ilsuiw, uniq_frances,
          uniq_donald
Shoals:3: layout_shoals
Shoals:4: shoals_end_grunt_ice, layout_shoals, shoals_ilsuiw_ice, uniq_kirke,
          uniq_louise, uniq_polyphemus
Snake:1:  layout_misc_corridors, uniq_jorgrun
Snake:2:  layout_onion, serial_bayou_shore_b, minmay_shop_grove,
          grunt_megastairs_3, uniq_aizul
Snake:3:  layout_misc_corridors, grunt_megastairs_2
Snake:4:  snake_pit_salamanders_mu, layout_rooms, lemuel_fruit_tree,
          uniq_vashnia
Slime:1:  layout_caves, basic_altar
Slime:2:  layout_caves
Slime:3:  layout_caves
Slime:4:  cheibrodos_slime_lost_civilization_9, layout_caves
Slime:5
Orc:1:    nicolae_orc_accident_2, layout_diamond_mine, enter_bailey_2
Orc:2:    pubby_orc_utopia
Elf:1:    minmay_elf_arrival_summoners, layout_geoelf_octagon,
          minmay_elf_sorcery, nicolae_elf_big_sculpture_2
Elf:2:    elven_hall_of_blades_hangedman_original [nicolae_blade_little_rooms],
          layout_loops_cross, infiniplex_enter_wizlab_water, serial_shops, shop,
          shop_fountains, laboratory
Elf:3:    elf_hall_gauntlet_wide, layout_loops_ring, basic_altar, serial_shops,
          shop, shop_statue, st_stairs_14, minivault_4,
          nicolae_elf_big_sculpture_3, hangedman_summoners_spam
Vaults:1: nicolae_vaults_what_the_h, ontoclasm_vaults_idyll,
          nicolae_vaults_sealed_display, nicolae_vaults_network_s,
          nicolae_vaults_mini_display_case, ontoclasm_vaults_tryst,
          vaults_room_pools, ontoclasm_vaults_pinch, layout_vaults_omnigrid
Vaults:2: v_alt_pattern_4, minmay_crypt_entry_simple_statues, v_pattern_1,
          nicolae_vaults_good_morning_starshine, hangedman_vaults_stitches,
          grunt_vaults_swirl, hangedman_vaults_hat, v_rooms_4, vaults_room_pool,
          grunt_vaults_funnel, nicolae_vaults_circle_grid_b, v_alt_pattern_3,
          layout_vaults_omnibox
Vaults:3: v_misc_3, nicolae_vaults_three_branches, vaults_dpeg_ring, v_misc_9,
          hangedman_vaults_slice, st_hourglassy,
          nicolae_vaults_little_squares_1, v_misc_11, vaults_room_boxed,
          ontoclasm_vaults_ligature, nicolae_vaults_little_squares_4,
          layout_vaults_omnicross
Vaults:4: vaults_standard_mumra_lines, nicolae_vaults_back_hallway,
          nicolae_vaults_alarming, ontoclasm_vaults_chip,
          nicolae_vaults_little_squares_4, nicolae_vaults_network_quinsquares
          [nicolae_vaults_network_quincunx_subvault,
          nicolae_vaults_network_quincunx_subvault,
          nicolae_vaults_network_quincunx_subvault,
          nicolae_vaults_network_quincunx_subvault], layout_vaults_chaotic_city,
          uniq_boris, uniq_margery
Crypt:1:  layout_misc_corridors, weyrava_vampire_temple, uniq_xtahua
Crypt:2:  layout_misc_corridors, lemuel_elevator, lemuel_upstairs_altar,
          uniq_saint_roka
Crypt:3:  david_glass_crypt, layout_gridlike,
          nicolae_tomb_entry_unfolded_pyramid_orthogonal, special_room
          [special_room_morgue], grunt_ministairs_10
Depths:1: layout_long_grid, abyss_entry, grunt_gozag_statues, lightli_too_deep,
          rand_demon_pan_entry_8, columned_hall_lemuel, minmay_evil_grid,
          uniq_nikola
Depths:2: minmay_triangles_in_corner, layout_cave_shapes,
          pf_hell_entry_great_geh, abyss_entry, hangedman_decor_clover_reticule,
          pan_entry, minmay_staircase_bubble, grunt_megastairs_4
Depths:3: minmay_eyes, layout_honeycomb, kennysheep_decorative_pillar,
          hell_entry, serial_shops, shop, hangedman_abyss_entry_splay
Depths:4: evilmike_zot_entry_argh, layout_cave_pools, enter_ziggurat_e,
          nicolae_dithmenos_through_a_glass_darkly, hell_entry
Zot:1:    layout_twisted_circle
Zot:2:    kennysheep_spiral_hall, layout_cathedral_of_symmetry
Zot:3:    layout_onion
Zot:4:    layout_gridville
Zot:5:    layout_cathedral_of_symmetry

Skill      XL: |  1  2  3  4  5  6  7  8  9 10 11 12 13 14 15 16 17 18 19 20 21 22 23 24 25 26 |
---------------+-------------------------------------------------------------------------------+-----
Unarmed Combat | 3 4 5 6 8 10 11 13 14 16 17 19 20 21 22 23 24 25 26 27 | 27.0
Shields        | 3 4 6 7 8 9 10 11 12 13 14 15 16 17 18 | 18.7
Dodging        | 3 4 5 6 7 8 9 11 12 13 | 13.6
Fighting       | 3 4 5 6 7 8 9 11 12 14 15 | 15.9
Stealth        | 1 2 3 |  3.3
Throwing       | 1 2 3 4 5 6 7 8 9 11 12 13 | 13.3
Invocations    | 2 4 5 6 7 8 9 10 11 12 13 14 15 16 | 16.6
Armour         | 1 2 3 4 5 6 7 9 11 12 | 12.5
Evocations     | 3 4 6 7 8 9 10 | 10.3
Translocations | |  0.1

Action                   |  1- 3 |  4- 6 |  7- 9 | 10-12 | 13-15 | 16-18 | 19-21 | 22-24 | 25-27 || total
-------------------------+-------+-------+-------+-------+-------+-------+-------+-------+-------++-------
Melee: Unarmed           |   102 |   296 |   267 |   550 |  1148 |   821 |  1532 |  1799 |   896 ||  7411
       Headbutt          |       |       |       |       |       |       |       |       |   127 ||   127
Throw: Javelin           |       |       |     3 |     4 |       |       |       |     6 |    10 ||    23
       Dart              |       |       |    24 |    18 |     1 |    17 |     4 |     2 |       ||    66
       Boomerang         |       |       |     4 |    30 |   182 |   164 |    39 |       |       ||   419
       Throwing net      |       |       |       |     3 |       |       |       |       |       ||     3
       Large rock        |       |       |       |    22 |    19 |    85 |    29 |   221 |   211 ||   587
 Cast: Apportation       |       |       |       |       |       |     1 |       |       |       ||     1
Invok: Wall of Briars    |       |       |       |     4 |    17 |     6 |     4 |     9 |     8 ||    48
       Grow Ballistomyce |       |       |       |     4 |     7 |     1 |       |       |       ||    12
       Grow Oklob        |       |       |       |       |    13 |     3 |     6 |     4 |       ||    26
       Overgrow          |       |       |       |       |       |     6 |     7 |     4 |     7 ||    24
Evoke: Phial of floods   |       |       |       |       |     1 |       |     1 |       |       ||     2
       Wand              |       |       |       |       |    11 |     9 |     8 |     5 |       ||    33
       Tin of tremorston |       |       |       |       |       |     1 |     2 |       |       ||     3
       Lightning rod     |       |       |       |       |       |       |     2 |       |       ||     2
       Condenser vane    |       |       |       |       |       |       |     1 |     1 |     1 ||     3
  Use: Potion            |     1 |       |     2 |     7 |     6 |     4 |     5 |     9 |     9 ||    43
       Scroll            |       |     6 |     2 |    10 |    15 |    15 |    14 |    17 |     9 ||    88
 Stab: Sleeping          |       |    11 |     1 |     6 |     5 |     2 |       |       |       ||    25
       Distracted        |       |     1 |       |     1 |     3 |     2 |     7 |     4 |     2 ||    20
       Confused          |       |       |       |       |     2 |       |       |       |       ||     2
       Fleeing           |       |       |       |       |       |     3 |       |       |       ||     3
       Held in net/web   |       |       |       |       |       |       |     1 |       |       ||     1
       Paralysed         |       |       |       |       |       |       |     1 |       |       ||     1
       Invisible         |       |       |       |       |       |       |     4 |       |     2 ||     6
Armor: Robe              |    42 |    82 |    39 |    59 |       |       |       |       |       ||   222
       Skin              |     3 |       |       |       |     3 |       |       |       |       ||     6
       Troll leather arm |       |       |       |    20 |   171 |    61 |     4 |       |       ||   256
       Acid dragon scale |       |       |       |     9 |       |       |       |       |       ||     9
       Fire dragon scale |       |       |       |       |       |       |   295 |   348 |   202 ||   845
Dodge: Dodged            |    38 |    83 |    73 |   153 |   292 |   225 |   295 |   327 |   206 ||  1692
Block: Kite shield       |    30 |   195 |   196 |   468 |   836 |   165 |       |       |       ||  1890
       Reflection        |       |     2 |    12 |    13 |    21 |   165 |   162 |    43 |    22 ||   440
       Tower shield      |       |       |       |       |       |   759 |  1350 |  1407 |   666 ||  4182

Table legend: (Time is in decaauts)
 A = Elapsed time spent in this place.
 B = Non-inter-level travel time spent in this place.
 C = Inter-level travel time spent in this place.
 D = Time resting spent in this place.
 E = Time spent auto-exploring this place.
 F = Levels seen in this place.
 G = Mean time per level.
                   A        B        C        D        E       F      G
               +--------+--------+--------+--------+--------+-----+--------+
         Total |  59582 |  52083 |   7499 |   1444 |  30690 |  59 | 1009.9 |
       Dungeon |  15182 |  12502 |   2680 |    415 |   8167 |  15 | 1012.1 |
        Temple |    389 |    341 |     48 |      0 |    323 |   1 |  389.0 |
          Lair |   6592 |   5504 |   1088 |      0 |   3782 |   6 | 1098.7 |
        Shoals |   4270 |   3739 |    531 |     36 |   2008 |   4 | 1067.5 |
     Snake Pit |   4216 |   3803 |    413 |     56 |   1712 |   4 | 1054.0 |
    Slime Pits |   2125 |   2002 |    123 |    109 |    851 |   5 |  425.0 |
  Orcish Mines |   2558 |   2181 |    377 |      0 |   1339 |   2 | 1279.0 |
   Elven Halls |   3294 |   2874 |    420 |      0 |   1412 |   3 | 1098.0 |
        Vaults |   5808 |   5281 |    527 |    246 |   3467 |   4 | 1452.0 |
         Crypt |   3896 |   3575 |    321 |    213 |   1844 |   3 | 1298.7 |
        Depths |   5144 |   4373 |    771 |    141 |   2578 |   4 | 1286.0 |
           Zot |   4757 |   4562 |    195 |    173 |   2809 |   5 |  951.4 |
         Sewer |    484 |    484 |      0 |      0 |    269 |   1 |  484.0 |
        Bailey |    158 |    158 |      0 |      0 |     38 |   1 |  158.0 |
        Wizlab |    703 |    703 |      0 |     54 |     87 |   1 |  703.0 |
               +--------+--------+--------+--------+--------+-----+--------+

Top non-repeatable levels by time:
   Orc:2: 2016 daAuts
 Crypt:3: 1746 daAuts
Depths:3: 1731 daAuts
Vaults:2: 1642 daAuts
  Lair:6: 1633 daAuts
Vaults:1: 1610 daAuts
   Elf:3: 1595 daAuts
    D:10: 1586 daAuts
Depths:2: 1444 daAuts
    D:15: 1391 daAuts
    D:13: 1381 daAuts
 Snake:4: 1360 daAuts
Vaults:3: 1302 daAuts
    D:14: 1282 daAuts
    D:12: 1274 daAuts
